 Dungeon Crawl Stone Soup version 0.19-a0-1035-gdbfb0c6 (webtiles) character file.

4201 mopl the Cleaver (level 10, -12/93 HPs)
             Began as a Hill Orc Fighter on July 29, 2016.
             Was a Follower of Uskayaw.
             Mangled by a phantasmal warrior (21 damage)
             ... led by a death knight
             ... on level 9 of the Dungeon.
             The game lasted 00:14:49 (6741 turns).

mopl the Cleaver (Hill Orc Fighter)                 Turns: 6741, Time: 00:14:50

Health: -12/93     AC: 19    Str: 20    XL:     10   Next: 29%
Magic:  0/14       EV:  5    Int:  8    God:    Uskayaw [*.....]
Gold:   8          SH:  0    Dex: 13    Spells: 1 memorised, 8 levels left

rFire  . . .     SeeInvis .     a - +0 battleaxe
rCold  + . .     Gourm    .     D - +0 plate armour
rNeg   . . .     Faith    .     (shield currently unavailable)
rPois  .         Spirit   +     r - +1 helmet
rElec  .         Dismiss  .     W - +2 cloak
rCorr  .         Reflect  .     (no gloves)
SustAt .         Harm     .     x - +0 pair of boots
MR     .....                    v - amulet of guardian spirit
Stlth  ..........               E - +2 ring of protection
                                k - ring of protection from cold (curse)

@: lethally poisoned (-12 -> -13), not resistant to hostile enchantments,
extremely unstealthy
A: no striking features
a: Stomp, Renounce Religion


You were on level 9 of the Dungeon.
You worshipped Uskayaw.
Uskayaw was noncommittal.
You were hungry.

You visited 2 branches of the dungeon, and saw 10 of its levels.

You collected 404 gold pieces.
You spent 396 gold pieces at shops.

Inventory:

Hand Weapons
 a - a +0 battleaxe (weapon)
 b - a +0 blowgun
 U - a +3 falchion of flaming
Missiles
 s - 7 needles of sleeping
 w - 57 poisoned needles
 C - 2 poisoned tomahawks (quivered)
 G - 7 curare-tipped needles
Armour
 r - a +1 helmet (worn)
 x - a +0 pair of boots (worn)
 D - a +0 plate armour (worn)
 W - a +2 cloak (worn)
Jewellery
 k - a cursed ring of protection from cold (left hand)
 v - an amulet of guardian spirit (around neck)
 E - a +2 ring of protection (right hand)
Wands
 g - a wand of acid (3/15)
 M - a wand of paralysis (14/24)
 N - a wand of random effects (8/48)
 O - a wand of digging (14/24)
 P - a wand of iceblast (7/15)
 S - a wand of acid (7/15)
Scrolls
 h - a scroll of noise
 j - 2 scrolls of amnesia
 l - 2 scrolls of enchant armour
 m - 2 scrolls of recharging {unknown}
 n - 6 scrolls of identify
 o - 7 scrolls of remove curse
 q - 2 scrolls of teleportation {unknown}
 u - 2 scrolls of enchant weapon {unknown}
 y - a scroll of fear {unknown}
 z - a scroll of magic mapping {unknown}
 J - a scroll of blinking {unknown}
 K - a scroll of silence {unknown}
 Y - a scroll of brand weapon {unknown}
Potions
 d - 2 potions of brilliance
 e - 2 potions of magic
 p - a potion of flight
 A - 2 potions of berserk rage {!q}
 H - a potion of cure mutation {!q}
 L - a potion of cancellation
 Q - 2 potions of heal wounds
 V - a potion of curing
 X - a potion of might
Books
 B - the Handbook of Lucky Transformation
   (You found it on level 6 of the Dungeon)

   Spells                             Type                      Level
   a - Infusion                       Charms                       1
   b - Swiftness                      Charms/Air                   2
   c - Excruciating Wounds            Charms/Necromancy            5
   d - Yara's Violent Unravelling     Hexes/Transmutation          5
 I - a book of Party Tricks

   Spells                             Type                      Level
   a - Summon Butterflies             Summoning                    1
   b - Apportation                    Translocation                1
   c - Tukima's Dance                 Hexes                        3
   d - Alistair's Intoxication        Transmutation/Poison         5
   e - Invisibility                   Hexes                        6
 R - a book of Transfigurations

   Spells                             Type                      Level
   a - Irradiate                      Conjuration/Transmutation    5
   b - Statue Form                    Transmutation/Earth          6
   c - Hydra Form                     Transmutation                6
   d - Dragon Form                    Transmutation                7
Comestibles
 c - 3 beef jerkies
 f - 9 bread rations
 i - 9 meat rations
 t - 13 fruits
 F - a slice of pizza
 T - a royal jelly


   Skills:
 + Level 10.2 Fighting
 * Level 14.2 Axes
 - Level 3.2 Armour
   Level 3.2 Shields
 + Level 5.8 Invocations


You had 8 spell levels left.
You knew the following spells:

 Your Spells              Type           Power        Failure   Level  Hunger
a - Apportation           Tloc           #.........   100%        1    ##.....


Dungeon Overview and Level Annotations

Branches:
Dungeon (9/15)             Temple (1/1) D:6            Lair (0/6) D:8
    Orc: D:9-12

Altars:
Ashenzari
Cheibriados
Dithmenos
Elyvilon
Fedhas
Gozag
Hepliaklqana
Kikubaaqudgha
Makhleb
Okawaru
Pakellas
Qazlal
Ru
Sif Muna
Trog
Uskayaw
Vehumet
Xom
Yredelemnul
Zin

Shops:
D:5 *   D:9 !


Message History

There is an open door here.
The phantasmal warrior blinks!
The phantasmal warrior blinks!
You are feeling hungry.
You feel sick. The phantasmal warrior hits you!!
The phantasmal warrior blinks!
The phantasmal warrior hits you! The phantasmal warrior hits you!!
* * * LOW HITPOINT WARNING * * *
Unknown command.
Okay, then.
The phantasmal warrior blinks!
You feel sick.
Unknown command.
The phantasmal warrior blinks!
The phantasmal warrior hits you but does no damage.
Unknown command.
The phantasmal warrior hits you!
* * * LOW HITPOINT WARNING * * *
The phantasmal warrior hits you!!
You die... #..# ##.### #...# ###.## #†.# ########†## + #.........# .. #.........#### .Wp

#@.W..p...'..#....
#WW.......##.'§...
#.........####.?..
#.........# ...
#.........# ##
#.........#
#.........#
###########


You could see a death knight, 2 phantasmal warriors and a freezing wraith.

Vanquished Creatures
  Joseph (D:8)
  Prince Ribbit (D:8)
  Grinder (D:4)
  4 yaks (D:9)
  A hippogriff (D:9)
  The ghost of Shenda the Slasher, an amateur DsGl (D:4)
  Edmund (D:4)
  2 orc warriors
  A sky beast (D:7)
  A black bear (D:7)
  2 ogres
  2 centaurs
  3 big kobolds
  A gnoll sergeant (D:6)
  A wyvern zombie (D:7)
  A scorpion (D:4)
  4 killer bees (D:9)
  4 wights
  A howler monkey (D:5)
  A crimson imp (D:6)
  A centaur zombie (D:5)
  2 giant frog zombies
  2 quasits
  A hound (D:5)
  A jelly (D:6)
  9 orc wizards
  4 orc priests
  A giant frog skeleton (D:6)
  3 iguanas
  4 worker ants
  Robin (D:2)
  7 gnolls
  8 adders
  A shadow imp (D:5)
  An ooze (D:2)
  2 adder zombies
  An adder skeleton (D:8)
  2 worms
  3 dart slugs
  6 giant geckos
  14 orcs
  A ball python (D:3)
  7 bats
  2 giant cockroaches
  12 hobgoblins
  3 jackals
  19 kobolds
  3 quokkas
  A giant gecko skeleton (D:5)
  10 giant newts
  18 goblins
  A jackal skeleton (D:5)
  9 rats
  2 fungi (D:8)
  A plant (D:3)
197 creatures vanquished.

Notes
Turn   | Place    | Note
-------+----------+-------------------------------------------
     0 | D:1      | mopl the Hill Orc Fighter began the quest for the Orb.
     0 | D:1      | Reached XP level 1. HP: 19/19 MP: 1/1
   115 | D:1      | Reached skill level 3 in Axes
   404 | D:1      | Reached XP level 2. HP: 27/27 MP: 2/2
   430 | D:1      | Reached skill level 4 in Fighting
   708 | D:1      | Reached XP level 3. HP: 33/33 MP: 3/3
   814 | D:2      | Noticed Robin
   831 | D:2      | Reached skill level 4 in Axes
   840 | D:2      | Killed Robin
   856 | D:2      | Reached XP level 4. HP: 29/41 MP: 4/4
  1858 | D:3      | Reached skill level 5 in Axes
  1884 | D:3      | Reached skill level 5 in Fighting
  2039 | D:3      | Reached XP level 5. HP: 41/48 MP: 5/5
  2455 | D:3      | Found a bloodstained altar of Trog.
  2554 | D:4      | Reached skill level 6 in Axes
  2565 | D:4      | Got a faintly glowing leather armour
  2576 | D:4      | Identified the cursed +1 leather armour of Panentheism {rPois Str+5 Int-3} (You found it on level 4 of the Dungeon)
  2595 | D:4      | Noticed Shenda's ghost (amateur DsGl)
  2628 | D:4      | Killed Shenda's ghost
  2628 | D:4      | Reached skill level 7 in Axes
  2628 | D:4      | Reached XP level 6. HP: 41/57 MP: 3/6
  2667 | D:4      | Found a white marble altar of Elyvilon.
  2671 | D:4      | Noticed Grinder
  2677 | D:4      | Paralysed by Grinder for 5 turns
  2694 | D:4      | Killed Grinder
  2694 | D:4      | Reached skill level 6 in Fighting
  2694 | D:4      | Reached skill level 8 in Axes
  2694 | D:4      | Reached XP level 7. HP: 12/64 MP: 4/7
  3198 | D:4      | Noticed Edmund
  3221 | D:4      | Killed Edmund
  3221 | D:4      | Reached skill level 9 in Axes
  3361 | D:4      | Reached skill level 7 in Fighting
  3399 | D:4      | Found a glowing silver altar of Zin.
  3618 | D:5      | Entered Level 5 of the Dungeon
  3764 | D:5      | Reached XP level 8. HP: 57/73 MP: 5/8
  3782 | D:5      | Reached skill level 10 in Axes
  4228 | D:5      | Learned a level 1 spell: Apportation
  4245 | D:5      | Found an opulent altar of Gozag.
  4340 | D:5      | Reached skill level 8 in Fighting
  4340 | D:5      | Reached skill level 11 in Axes
  4386 | D:5      | Found Utupeos's Assorted Antiques.
  4396 | D:5      | Bought a scroll labeled ESTOUH KIACK for 20 gold pieces
  4396 | D:5      | Bought a scroll labeled AMENOFYECS for 20 gold pieces
  4396 | D:5      | Bought 3 scrolls of identify for 120 gold pieces
  4396 | D:5      | Bought a scroll of identify for 40 gold pieces
  4530 | D:6      | Found a staircase to the Ecumenical Temple.
  4567 | Temple   | Entered the Ecumenical Temple
  4664 | Temple   | Became a worshipper of Uskayaw the Reveler
  4753 | D:6      | Reached * piety under Uskayaw
  4754 | D:6      | Reached ** piety under Uskayaw
  4851 | D:6      | Reached XP level 9. HP: 77/82 MP: 7/9
  4891 | D:6      | Reached skill level 12 in Axes
  5010 | D:6      | Identified the Handbook of Lucky Transformation
  5107 | D:6      | Reached skill level 1 in Invocations
  5119 | D:7      | Reached *** piety under Uskayaw
  5239 | D:7      | Reached skill level 9 in Fighting
  5239 | D:7      | Reached skill level 2 in Invocations
  5459 | D:7      | Reached skill level 3 in Invocations
  5474 | D:7      | Reached skill level 13 in Axes
  5825 | D:8      | Noticed Prince Ribbit
  5832 | D:8      | Found a glowing silver altar of Zin.
  5999 | D:8      | Noticed Joseph
  6015 | D:8      | Killed Joseph
  6015 | D:8      | Reached skill level 4 in Invocations
  6037 | D:8      | Killed Prince Ribbit
  6037 | D:8      | Reached XP level 10. HP: 41/93 MP: 5/13
  6212 | D:8      | Found a staircase to the Lair.
  6406 | D:9      | Reached skill level 5 in Invocations
  6417 | D:9      | Found Qoel's Distillery.
  6437 | D:9      | Reached **** piety under Uskayaw
  6438 | D:9      | Reached skill level 10 in Fighting
  6438 | D:9      | Reached skill level 14 in Axes
  6456 | D:9      | Bought a potion of heal wounds for 70 gold pieces
  6456 | D:9      | Bought a potion of heal wounds for 70 gold pieces
  6456 | D:9      | Bought a potion of might for 56 gold pieces
  6730 | D:9      | Noticed a death knight
  6730 | D:9      | Noticed a phantasmal warrior
  6730 | D:9      | Noticed a phantasmal warrior
  6741 | D:9      | Mangled by a phantasmal warrior

Vault maps used:
D:1:      dpeg_arrival_three_smaller_balls, minmay_pentomino_o2
D:2:      first_bread, kennysheep_generic_room_15, uniq_robin
D:3:      lightli_temple_of_fire, lexackson_kobold_supper
D:4:      zin_statuary, hangedman_decor_slide_cut, elyvilon_altar_1,
          uniq_grinder, uniq_edmund
D:5:      serial_shops, nicolae_shop_stone, st_stairs_13, bh_chokoban,
          nicolae_gozag_seed_capital
D:8:      dpeg_oklobed_lair, basic_altar, uniq_joseph, uniq_prince_ribbit1
D:9:      grunt_temple_overflow_open, serial_shops, nicolae_shop_crystal,
          hangedman_pestilent_swarm
Temple:   regret_index_temple_mists

Skill      XL: |  1  2  3  4  5  6  7  8  9 10 |
---------------+-------------------------------+-----
Axes           | 3 4 5 7 8 9 11 13 14 | 14.2
Fighting       | 4 5 6 7 8 9 10 | 10.2
Invocations    | 4 5 |  5.8
Armour         | |  3.2
Shields        | |  3.2

Action                   |  1- 3 |  4- 6 |  7- 9 | 10-12 || total
-------------------------+-------+-------+-------+-------++-------
Melee: War axe           |    82 |   180 |   238 |       ||   500
       Battleaxe         |       |       |   158 |    57 ||   215
Throw: Tomahawk          |       |       |     3 |       ||     3
Invok: Stomp             |       |       |     1 |     1 ||     2
       Line Pass         |       |       |       |     1 ||     1
  Use: Potion            |       |     3 |       |       ||     3
       Scroll            |       |       |    13 |       ||    13
 Stab: Paralysed         |       |       |     4 |     6 ||    10
       Confused          |       |       |       |     1 ||     1
  Eat: Chunk             |       |     6 |    11 |     3 ||    20
Armor: Scale mail        |    15 |       |       |       ||    15
       Chain mail        |    41 |    73 |    26 |       ||   140
       Leather armour    |       |     4 |     4 |       ||     8
       Plate armour      |       |       |   201 |    73 ||   274
Dodge: Dodged            |    25 |    27 |    71 |    15 ||   138
Block: Shield            |    47 |    77 |    93 |       ||   217
